 Dungeon Crawl Stone Soup version 0.19-a0-1002-g674d22e (webtiles) character file.

44 4thArraOfDagon the Bolt Thrower (level 3, 5/26 HPs)
             Began as a Mummy Arcane Marksman on July 18, 2016.
             Quit the game on level 4 of the Dungeon.
             The game lasted 00:01:17 (360 turns).

4thArraOfDagon the Bolt Thrower (MuAM)               Turns: 360, Time: 00:01:18

Health: 5/26       AC:  8    Str: 14    XL:     3   Next: 41%
Magic:  4/4        EV:  6    Int: 13    God:
Gold:   21         SH:  0    Dex: 11    Spells: 1 memorised, 3 levels left

rFire  x x .     SeeInvis .     a - +0 hand crossbow
rCold  + + .     Gourm    .     g - +0 chain mail
rNeg   + + +     Faith    .     (no shield)
rPois  ∞         Spirit   .     (no helmet)
rElec  .         Dismiss  .     (no cloak)
rCorr  .         Reflect  .     (no gloves)
SustAt .         Harm     .     (no boots)
MR     .....                    (no amulet)
Stlth  ..........               (no ring)
                                b - ring of ice (curse)

@: not resistant to hostile enchantments, extremely unstealthy
A: no food or potions, fire vulnerability, cold resistance 1, negative energy
resistance 3, torment resistance, unbreathing
a: no special abilities


You were on level 4 of the Dungeon.
You were not hungry.

You visited 1 branch of the dungeon, and saw 4 of its levels.

You collected 21 gold pieces.

Inventory:

Hand Weapons
 a - a +0 hand crossbow (weapon)
 f - a +0 club
Missiles
 d - 6 bolts (quivered)
Armour
 e - a +0 robe
 g - a +0 chain mail (worn)
Jewellery
 b - a cursed ring of ice (left hand)
Books
 c - a book of Debilitation

   Spells                             Type                      Level
   a - Corona                         Hexes                        1
   b - Slow                           Hexes                        2
   c - Gell's Gravitas                Hexes/Translocation          3
   d - Inner Flame                    Hexes/Fire                   3
   e - Cause Fear                     Hexes                        4
   f - Leda's Liquefaction            Hexes/Earth                  4


   Skills:
 - Level 1.0 Fighting
 * Level 3.2 Crossbows
 - Level 1.5 Dodging
 - Level 1.0 Spellcasting
 - Level 2.6 Hexes


You had 3 spell levels left.
You knew the following spells:

 Your Spells              Type           Power        Failure   Level  Hunger
a - Corona                Hex            #......      100%        1    N/A

Dungeon Overview and Level Annotations

Branches:
Dungeon (4/15)
 Temple: D:4-7

Altars:


Innate Abilities, Weirdness & Mutations

You do not eat or drink.
Your flesh is vulnerable to fire.
You are immune to poison.
Your flesh is cold resistant. (rC+)
You are immune to negative energy. (rN+++)
You are immune to unholy pain and torment.
You can survive without breathing.


Message History

You shoot a bolt.
The bolt hits the worker ant but does no damage.
The worker ant barely misses you.
Firing (i - inventory):
d - 8 bolts (quivered)
Press: ? - help, Shift-Dir - straight line, f/p - worker ant
Aim: a worker ant You shoot a bolt.
The bolt barely misses the worker ant.
The worker ant bites you but does no damage.
The worker ant bites you.
Firing (i - inventory):
d - 7 bolts (quivered)
Press: ? - help, Shift-Dir - straight line, f/p - worker ant
Aim: a worker ant You shoot a bolt.
The bolt closely misses the worker ant.
The worker ant bites you.
* * * LOW HITPOINT WARNING * * *
The worker ant barely misses you.
You are too injured to fight recklessly!
You are too injured to fight recklessly!
Okay, then.
Are you sure you want to abandon this character and quit the game? (Confirm with "yes".)

##.......
##.........
#..........
#..........
##..........
#..........#
#<.....!...#
##.........#
#..@.....#
#..a.....#
#.......##
#.......#
#.......#
#......##
.....%.#
#(..(...#


You could see a worker ant.

Vanquished Creatures
  3 adders (D:3)
  A worm (D:2)
  A dart slug (D:2)
  A giant gecko (D:3)
  A giant cockroach (D:3)
  3 hobgoblins
  A kobold (D:1)
  A giant newt (D:1)
  A rat (D:1)
13 creatures vanquished.

Notes
Turn   | Place    | Note
-------+----------+-------------------------------------------
     0 | D:1      | 4thArraOfDagon the Mummy Arcane Marksman began the quest for the Orb.
     0 | D:1      | Reached XP level 1. HP: 15/15 MP: 2/2
    26 | D:1      | Reached skill level 2 in Crossbows
    90 | D:2      | Reached XP level 2. HP: 21/21 MP: 3/3
   309 | D:3      | Reached XP level 3. HP: 11/26 MP: 4/4
   323 | D:3      | Reached skill level 3 in Crossbows
   360 | D:4      | Quit the game

Vault maps used:
D:1:      dpeg_arrival_simpleton_c
D:2:      first_bread
D:3:      serial_glass, glass_columns_a, glass_columns_b, glass_columns_b,
          glass_columns_b, due_unseen_surprise, feat_on_display,
          minmay_strange_pillars, feat_on_display, kennysheep_generic_room_10,
          uniq_robin, uniq_natasha
D:4:      tgw_xom, kennysheep_mini, serial_shops, nicolae_shop_stone,
          sigmund_edmund_badplayer

Skill      XL: |  1  2  3 |
---------------+----------+-----
Crossbows      | 2 3 |  3.2
Fighting       | |  1.0
Dodging        | |  1.5
Spellcasting   | |  1.0
Hexes          | |  2.6

Action                   || total
-------------------------++-------
Melee: Club              ||     6
 Fire: Hand crossbow     ||    56
Armor: Chain mail        ||    18
Dodge: Dodged            ||    21
